Map: World of Sleepers LE

Players

GetMeOut - Winner!

  • Race: Protoss Protoss
  • League: Master
  • Spawn Location: 1:00

Zervas

  • Race: Zerg Zerg
  • Spawn Location: 7:00

Event: NationWars 2019

VOD

Have the link to the VOD?

Description

Time

  • Played on: Sept. 30, 2019, 11:45 a.m.
  • Length: 14:41
Show
View Real Time Build Order
Export as new Build Order

GetMeOut Protoss - Winner!

Build Orders: 1 Gate Expand, Oracle Opening, Phoenix Opening, Carriers 

Get SALT Encoding   

  12  0:01  Probe  
  13  0:13  Probe  
  14  0:21  Pylon  
  14  0:25  Probe  
  15  0:39  Probe (Chrono Boost), Gateway  
  16  0:49  Assimilator  
  17  0:50  Probe (Chrono Boost)  
  17  0:54  Probe (Chrono Boost)  
  18  1:05  Probe  
  19  1:17  Probe  
  20  1:24  Nexus  
  20  1:35  Cybernetics Core  
  20  1:37  Probe  
  21  1:45  Pylon  
  21  1:49  Probe  
  21  1:53  Assimilator  
  22  2:01  Probe  
  23  2:09  Adept (Chrono Boost)  
  23  2:13  Probe  
  26  2:22  Stargate  
  26  2:25  Probe  
  27  2:32  Adept  
  29  2:38  Probe x2 (Chrono Boost)  
  29  2:41  Warp Gate  
  31  2:50  Probe x2 (Chrono Boost)  
  33  2:57  Probe x2 (Chrono Boost)  
  35  3:04  Probe x2  
  35  3:05  Phoenix (Chrono Boost)  
  39  3:13  Assimilator  
  39  3:14  Assimilator  
  39  3:16  Probe x2  
  41  3:20  Pylon  
  41  3:24  Oracle (Chrono Boost)  
  44  3:30  Probe x2  
  46  3:35  Gateway  
  46  3:41  Pylon  
  46  3:43  Probe  
  46  3:44  Probe  
  48  3:52  Stargate  
  48  3:57  Probe x2  
  48  3:59  Oracle (Chrono Boost)  
  53  4:09  Pylon  
  53  4:11  Probe x2  
  55  4:23  Probe x2  
  57  4:26  Gateway, Oracle (Chrono Boost)  
  60  4:32  Pylon  
  60  4:34  Adept  
  65  4:48  Oracle (Chrono Boost)  
  65  4:53  Oracle (Chrono Boost)  
  65  4:59  Nexus  
  68  5:02  Pylon  
  68  5:11  Probe x2  
  70  5:15  Forge  
  70  5:16  Twilight Council  
  70  5:20  Shield Battery  
  70  5:25  Probe x2  
  72  5:31  Gateway  
  72  5:32  Gateway  
  72  5:37  Probe x2  
  72  5:39  Oracle (Chrono Boost)  
  80  5:47  Oracle (Chrono Boost)  
  80  5:53  Protoss Ground Weapons Level 1 (Chrono Boost)  
  80  5:54  Charge (Chrono Boost)  
  80  5:56  Probe x2  
  82  6:07  Gateway  
  82  6:08  Probe x2  
  84  6:13  Stargate  
  84  6:17  Oracle x2 (Chrono Boost)  
  84  6:20  Probe  
  91  6:30  Gateway  
  91  6:31  Gateway  
  91  6:33  Gateway  
  91  6:34  Probe x3, Gateway  
  94  6:40  Pylon  
  94  6:41  Pylon  
  94  6:45  Zealot x3  
  100  6:55  Pylon  
  100  6:57  Pylon  
  100  7:01  Zealot x2  
  100  7:08  Probe x3  
  107  7:11  Zealot x2  
  107  7:12  Zealot x2  
  115  7:18  Pylon  
  115  7:19  Pylon  
  115  7:23  Templar Archives  
  115  7:28  Unknown  
  115  7:37  Zealot x4  
  115  7:38  Zealot x4  
  115  7:39  Zealot  
  133  7:50  Psionic Storm  
  133  7:55  Protoss Ground Weapons Level 2 (Chrono Boost)  
  133  8:04  Nexus  
  133  8:05  High Templar x5  
  143  8:08  Zealot x3  
  143  8:09  Archon x2  
  147  8:36  Fleet Beacon  
  147  8:37  Stargate  
  105  9:00  Zealot x4  
  105  9:01  Zealot x5  
  105  9:02  Zealot  
  99  9:07  Oracle x2 (Chrono Boost)  
  95  9:20  Probe x4  
  99  9:25  High Templar x3  
  99  9:26  Zealot x3, High Templar  
  99  9:27  Zealot x3  
  125  9:49  Carrier (Chrono Boost)  
  125  10:06  Zealot x5, Carrier (Chrono Boost)  
  125  10:07  Zealot x4  
  134  10:08  Zealot  
  133  10:26  Protoss Ground Weapons Level 3 (Chrono Boost)  
  133  10:27  Archon  
  125  10:29  Zealot x6, Carrier (Chrono Boost)  
  125  10:30  Zealot x4  
  145  10:43  Probe x2  
  145  10:44  Probe  
  145  10:45  Assimilator  
  145  10:48  Carrier (Chrono Boost)  
  145  10:49  Assimilator  
  160  11:08  High Templar x2  
  160  11:09  Carrier (Chrono Boost)  
  144  11:26  Pylon, Carrier (Chrono Boost)  
  144  11:28  Pylon  
  150  11:42  High Templar x2  
  150  11:43  High Templar  
  156  11:54  Photon Cannon  
  156  11:57  Photon Cannon  
  156  11:59  Photon Cannon x2  
  156  12:06  Nexus  
  150  12:08  Pylon  
  150  12:11  Pylon  
  134  12:16  Archon  
  134  12:17  Zealot x5, Carrier (Chrono Boost)  
  134  12:18  Zealot x5  
  125  12:39  Zealot x3  
  125  12:40  Zealot x4  
  125  12:42  Zealot x3  
  125  12:43  Zealot x4  
  125  12:44  Zealot x2  
  132  12:52  Probe x4  
  136  13:03  Pylon  
  136  13:04  Probe x2  
  130  13:12  High Templar x5  
  136  13:13  High Templar x4  
  144  13:22  Archon x3  
  150  13:36  Void Ray (Chrono Boost)  
  150  13:39  Void Ray (Chrono Boost)  
  150  13:41  Void Ray (Chrono Boost)  
  142  13:57  High Templar x4  
  142  13:58  High Templar x2  
  142  14:00  Zealot x2  
  142  14:01  Archon x2  
  154  14:03  Archon  
  154  14:07  Probe x3 (Chrono Boost)  
  158  14:12  Probe (Chrono Boost)  
  158  14:16  Probe (Chrono Boost)  
  156  14:17  Probe (Chrono Boost)  
  156  14:18  Probe (Chrono Boost), Archon  
Show
View Real Time Build Order
Export as new Build Order

Zervas Zerg 

Build Orders: Hatch First, Brood Lord Corruptor 

Get SALT Encoding   

  12  0:01  Drone  
  13  0:12  Overlord  
  13  0:18  Drone  
  14  0:32  Drone x2  
  16  0:48  Hatchery  
  15  0:51  Drone  
  15  0:56  Drone  
  17  0:58  Drone  
  18  1:12  Extractor  
  18  1:14  Spawning Pool  
  18  1:17  Drone  
  17  1:21  Drone  
  18  1:28  Drone  
  19  1:39  Drone  
  20  1:49  Overlord  
  20  2:00  Queen x2  
  24  2:01  Zergling x2  
  24  2:02  Zergling x2  
  26  2:13  Drone x2  
  28  2:16  Metabolic Boost  
  28  2:22  Drone x2  
  30  2:35  Hatchery  
  29  2:43  Drone x3  
  32  2:47  Overlord  
  32  2:54  Drone x2  
  34  2:59  Queen  
  36  3:09  Drone x2  
  36  3:11  Drone x2  
  40  3:17  Drone x2  
  40  3:19  Overlord  
  42  3:24  Drone x2  
  44  3:28  Overlord  
  44  3:36  Queen  
  44  3:39  Overlord  
  44  3:40  Drone  
  44  3:41  Drone  
  48  3:43  Overlord  
  48  3:50  Queen  
  48  3:52  Spore Crawler  
  48  3:53  Spore Crawler  
  48  3:58  Drone x5  
  53  4:03  Spore Crawler  
  53  4:07  Drone x3  
  55  4:12  Lair  
  55  4:21  Overlord  
  55  4:22  Drone  
  55  4:23  Drone x2  
  58  4:31  Pneumatized Carapace  
  58  4:32  Roach Warren  
  58  4:34  Queen  
  58  4:37  Overlord  
  58  4:38  Drone x3  
  62  4:39  Drone  
  62  4:43  Overlord  
  63  4:53  Overlord  
  63  4:56  Extractor, Drone  
  63  4:57  Extractor, Drone x7  
  68  5:02  Overlord  
  68  5:04  Drone  
  68  5:05  Overlord  
  69  5:07  Extractor  
  68  5:15  Zergling x2  
  68  5:16  Drone  
  68  5:17  Drone  
  68  5:20  Overseer  
  68  5:21  Hydralisk Den  
  70  5:22  Roach x3  
  70  5:24  Overlord  
  70  5:28  Extractor  
  75  5:37  Spore Crawler  
  75  5:38  Spore Crawler, Queen  
  75  5:39  Hatchery  
  75  5:40  Spore Crawler  
  73  5:46  Drone  
  73  5:47  Drone x6  
  73  5:48  Infestation Pit  
  79  5:56  Drone x3  
  79  5:57  Drone x5  
  87  6:01  Spore Crawler  
  87  6:03  Queen  
  88  6:07  Queen  
  90  6:12  Drone x2  
  90  6:16  Overlord x2  
  92  6:22  Drone x5  
  92  6:23  Spore Crawler  
  96  6:26  Extractor  
  96  6:29  Overlord x2  
  96  6:32  Drone  
  96  6:34  Evolution Chamber  
  96  6:37  Hatchery  
  94  6:44  Drone x2  
  94  6:45  Drone  
  94  6:46  Spore Crawler  
  96  6:48  Infestor x2, Burrow  
  96  6:52  Queen  
  102  7:03  Hive  
  102  7:04  Spire  
  102  7:05  Zerg Missile Weapons Level 1  
  102  7:07  Baneling Nest  
  100  7:09  Hydralisk x2  
  104  7:17  Zergling x8  
  104  7:21  Infestor  
  110  7:28  Drone, Queen  
  113  7:30  Spore Crawler  
  113  7:31  Infestor  
  113  7:36  Infestor  
  116  7:37  Overlord  
  116  7:38  Drone  
  116  7:39  Drone x4  
  116  7:41  Infestor x2  
  116  7:42  Infestor  
  116  7:43  Spore Crawler x2  
  119  7:48  Zergling x8  
  121  7:54  Baneling x8  
  121  7:58  Hydralisk x2  
  121  8:04  Hatchery  
  124  8:05  Zergling x2  
  124  8:06  Zergling x12  
  124  8:08  Centrifical Hooks  
  124  8:12  Baneling x6  
  131  8:13  Baneling  
  131  8:14  Infestor  
  131  8:15  Infestor x4  
  131  8:18  Hydralisk, Roach  
  135  8:21  Zergling x2  
  135  8:22  Zergling x8  
  135  8:24  Baneling x4  
  139  8:34  Greater Spire  
  139  8:43  Hydralisk  
  139  8:44  Hydralisk x2  
  139  8:46  Zergling x2  
  139  8:47  Zergling x10  
  133  9:02  Hydralisk x6  
  134  9:10  Drone x6  
  139  9:20  Hatchery, Drone x4  
  142  9:26  Queen  
  144  9:34  Muscular Augments  
  144  9:38  Overseer x2  
  144  9:39  Overseer  
  144  9:42  Spore Crawler, Extractor  
  142  9:45  Corruptor  
  142  9:46  Extractor, Corruptor x4  
  150  9:54  Corruptor  
  151  10:13  Zergling x14  
  151  10:14  Zergling x12  
  121  10:38  Zergling x18  
  121  10:41  Baneling x6  
  124  10:45  Brood Lord  
  124  10:46  Brood Lord x3  
  131  10:51  Baneling x3  
  131  10:52  Baneling x3  
  124  11:05  Zergling x16  
  124  11:06  Zergling x8  
  124  11:08  Queen x2  
  124  11:09  Queen x2  
  134  11:20  Brood Lord x2  
  134  11:25  Drone x3  
  140  11:26  Drone x2  
  140  11:29  Infestor x4  
  140  11:30  Unknown  
  142  11:35  Corruptor  
  142  11:36  Corruptor x3  
  142  11:38  Zergling x2  
  142  11:39  Zergling x16  
  159  11:43  Baneling x5  
  159  11:44  Baneling, Queen  
  163  11:49  Corruptor  
  163  11:54  Zergling x10  
  165  12:21  Hydralisk  
  165  12:22  Zergling x4  
  159  12:24  Zergling x18  
  159  12:25  Zergling x6  
  140  12:38  Hydralisk  
  140  12:39  Hydralisk x3  
  111  13:03  Hydralisk x6  
  113  13:10  Hatchery  
  111  13:14  Hydralisk x3  
  111  13:19  Hydralisk x3  
  117  13:23  Baneling  
  117  13:24  Baneling x9  
  123  13:28  Queen  
  125  13:35  Zergling x2  
  125  13:36  Zergling x4  
  125  13:39  Hydralisk  
  130  13:42  Hatchery  
  129  13:54  Hydralisk x4  
  134  13:57  Zergling x4  
  134  13:58  Zergling x2  
Tags
 
Add a new tag
Caveats
  • Supply blocks, unpowered buildings, or Contaminate may cause inaccurate times.
  • Supply counts are checked every 10 seconds.